 Dungeon Crawl Stone Soup version 0.31-a0-152-g6aa68a64a1 (webtiles) character file.

Game seed: 9699089793203749622

5765 Drazool the Nimble (level 10, -4/68 HPs)
             Began as a Vampire Monk on June 9, 2023.
             Was an Elder of Jiyva.
             Slain by an orc
             ... wielding a +0 halberd
              (11 damage)
             ... in a bailey.
             The game lasted 00:23:28 (6048 turns).

Drazool the Nimble (Vampire Monk)                   Turns: 6048, Time: 00:23:29

Health: -4/68      AC:  5    Str: 10    XL:     10   Next: 49%
Magic:  10/10      EV: 22    Int: 12    God:    Jiyva [****..]
Gold:   301        SH:  0    Dex: 22    Spells: 9/9 levels left

rFire   . . .        a - +0 falchion
rCold   + . .        d - orb {light}
rNeg    . . .        f - +0 steam dragon scales
rPois   .            (no helmet)
rElec   .            q - +0 cloak
rCorr   +            (no gloves)
SInv    +            D - +1 pair of boots
Will    +....        r - amulet of regeneration
Stlth   +            C - ring of protection from cold
HPRegen 2.59/turn    (no ring)
MPRegen 0.52/turn

%: no passive effects
@: healing quickly, glowing
A: alive, fangs 3, see invisible, vampiric 2, wild magic 1, eyeballs 3,
pseudopods 2
a: Exsanguinate, Renounce Religion, Oozemancy, Slimify


You were in a bailey.
You worshipped Jiyva.
Jiyva was greatly pleased with you.
You visited 1 branch of the dungeon, and saw 8 of its levels.
You also visited: Bailey.

You collected 479 gold pieces.
You spent 178 gold pieces at shops.


Innate Abilities, Weirdness & Mutations

Your natural rate of healing is accelerated.
You have razor-sharp teeth.
You have supernaturally acute eyesight. (SInv)
You are afflicted with vampirism and can become a bat while bloodless.
Your spells are a little harder to cast, but a little more powerful.
Your body is covered in eyes which may confuse attackers. (Acc +7, SInv)
Armour fits poorly on your large pseudopods.


   Skills:
 - Level 2.6 Fighting
 + Level 11.6 Long Blades
 + Level 12.6 Dodging


You had 9 spell levels left.
You didn't know any spells.
Your spell library contained the following spells:

 Spells                   Type           Power      Damage    Failure   Level
 Summon Small Mammal      Summ           0%         N/A       41%         1
 Ensorcelled Hibernation  Hex/Ice        0%         N/A       54%         2
 Passwall                 Tmut/Erth      0%         N/A       54%         2
 Call Canine Familiar     Summ           0%         N/A       77%         3
 Inner Flame              Hex/Fire       0%         N/A       77%         3
 Ozocubu's Armour         Ice            0%         N/A       77%         3
 Portal Projectile        Hex/Tloc       0%         N/A       77%         3
 Summon Guardian Golem    Hex/Summ       0%         N/A       77%         3
 Swiftness                Air            0%         N/A       77%         3
 Flame Wave               Conj/Fire      0%         2d4       98%         4
 Leda's Liquefaction      Hex/Erth       0%         N/A       98%         4
 Sticky Flame             Conj/Fire      0%         2d3       98%         4
 Ozocubu's Refrigeration  Ice            0%         4d7       100%        7

Inventory:

Hand Weapons
 a - a +0 falchion (weapon)
Missiles
 x - a poisoned dart
 z - a curare-tipped dart {=f}
Armour
 b - a +0 robe
 d - an orb of light (worn)
 f - +0 steam dragon scales (worn)
 q - a +0 cloak (worn)
 D - a +1 pair of boots (worn)
Jewellery
 c - a ring of ice
 l - an amulet of reflection
 r - an amulet of regeneration (around neck)
 C - a ring of protection from cold (left hand)
 F - a ring of fire
 S - a +6 ring of strength
Wands
 e - a wand of charming (5)
 w - a wand of flame (26)
Scrolls
 g - 2 scrolls of summoning
 j - 2 scrolls of blinking
 m - a scroll of immolation
 n - a scroll of identify {@r1}
 o - a scroll of magic mapping
 y - 3 scrolls of enchant weapon
 A - a scroll of teleportation {@r2}
Potions
 h - 2 potions of attraction
 i - a potion of curing {@q1}
 k - a potion of mutation
 p - a potion of magic
 s - 4 potions of lignification
 t - a potion of resistance
 u - a potion of invisibility
 v - 2 potions of haste {@q3}
 B - 2 potions of might
 E - 2 potions of ambrosia

Dungeon Overview and Level Annotations

Branches:
Dungeon (9/15)               Lair (0/5) D:9          Bailey (1/1)
 Temple: D:4-7          Orc: D:9-12

Altars:
Ashenzari
Cheibriados
Dithmenos
Gozag
Hepliaklqana
Makhleb
Okawaru
Uskayaw
Jiyva

Shops:
D:3 *   D:7 !   D:9 ?

Annotations:
D:2 1 runed translucent door, Crazy Yiuf

≈≈≈..≈≈≈≈≈≈≈o.≈≈≈≈≈≈≈▒
≈..≈≈≈.....≈≈≈c.≈≈≈≈≈▒
.≈≈≈.........≈≈≈.≈≈≈≈▒
.≈.............≈.≈≈≈≈▒
≈≈.⌠.........⌠.≈≈.≈≈≈▒
≈...............≈.≈≈≈▒
≈....≈≈≈≈≈≈≈....≈≈.≈≈▒
...≈≈≈~~~~~≈≈≈...≈.≈≈▒
..≈≈≈~≈≈≈≈≈~o≈≈.@≈.≈≈▒
..≈≈≈~~..)≈≈≈oo....≈≈▒
..≈≈≈~≈≈≈≈≈~~≈≈..≈.≈≈▒
...≈≈≈~~~~~≈≈≈o..≈.≈≈▒
≈....≈≈≈≈≈≈≈....≈≈.≈≈▒
≈...............≈.≈≈≈▒
≈≈.⌠.........⌠.≈≈.≈≈≈▒
.≈.............≈.≈≈≈≈▒
.≈≈≈.........≈≈≈.≈≈≈≈▒


You could see an orc warrior, a centaur and 3 orcs.


Message History

The orc splashes around in the water.
The orc completely misses you. The orc warrior completely misses you.
Unknown command.
The orc splashes around in the water. x2
You hear a distant slurping noise.
The orc warrior hits you with a +3 glaive.
* * * LOW HITPOINT WARNING * * *
Unknown command.
You hit the orc warrior but do no damage.
You bite the orc warrior.
The orc warrior is lightly wounded.
The orc hits you with a +0 halberd!
* * * LOW HITPOINT WARNING * * *
Unknown command.
You hit the orc warrior.
You bite the orc warrior, but do no damage.
You bludgeon the orc warrior, but do no damage.
The orc warrior is moderately wounded.
The orc hits you from afar with a +0 spear.
* * * LOW HITPOINT WARNING * * *
An orc warrior comes into view. It is wielding a +0 halberd.
The orc warrior hits you with a +3 glaive!
* * * LOW HITPOINT WARNING * * *
Unknown command.
The orc misses you. The orc warrior barely misses you.
Unknown command.
The centaur throws a javelin.
The javelin pierces through you!
* * * LOW HITPOINT WARNING * * *
The orc hits you from afar with a +0 halberd!
You die...

Skill      XL: |  1  2  3  4  5  6  7  8  9 10 |
---------------+-------------------------------+-----
Dodging        | 4 5 6 8 10 11 12 | 12.6
Long Blades    | 4 5 6 7 9 10 11 | 11.6
Fighting       | |  2.6

Action                     |  1- 3 |  4- 6 |  7- 9 | 10-12 || total
---------------------------+-------+-------+-------+-------++-------
  Melee: Falchion          |    97 |   117 |   280 |   161 ||   655
         Bite              |     7 |    16 |    32 |    35 ||    90
         Pseudopods        |       |       |    40 |    38 ||    78
  Throw: Dart              |       |       |     1 |       ||     1
 Invoke: Oozemancy         |       |     1 |     2 |       ||     3
         Slimify           |       |       |     1 |     1 ||     2
  Evoke: Wand              |       |       |     8 |       ||     8
    Use: Scroll            |       |     9 |     7 |     2 ||    18
         Potion            |       |     1 |     1 |       ||     2
   Stab: Invisible         |       |       |     2 |       ||     2
         Confused          |       |       |       |    10 ||    10
 Armour: Robe              |    23 |    15 |    25 |       ||    63
         Steam dragon scal |       |       |    17 |    16 ||    33
  Dodge: Dodged            |    77 |    95 |   224 |   252 ||   648

Levels and vault maps discovered:
D:1:      nicolae_arrival_somewhat_less_tricky_arrival, layout_rooms
D:2:      layout_rooms, uniq_crazy_yiuf_cottage
D:3:      layout_loops_ring, serial_shops, nicolae_shop_tiny_real_fake_doors,
          chequers_ecumenical_altar_island
D:4:      layout_rooms, okawaru_gym_becter, mainiacjoe_overflow_catch_the_wave,
          abandoned_shop, lemuel_flame_loot_1, uniq_menkaure
D:5:      layout_basic, nicolae_overflow_crystal_walls,
          kennysheep_generic_room_15
D:7:      layout_gridville, lemuel_tele_altar, makhleb_altar_promises_db,
          enter_bailey_5, serial_shops, nicolae_lakefront_shop
D:8:      cheibrodos_steamvent, layout_basic,
          mainiacjoe_overflow_concentric_impassable,
          nicolae_ashenzari_panopticon, overflow_temple_1_default,
          amcnicky_altar_gilded, uniq_maggie
D:9:      layout_grid_maze, lair_entry_dummy, serial_shops, nicolae_shop_trees,
          uniq_amaemon
Bailey:   bailey_polearm_flooded_kennysheep, bailey

Notes
Turn   | Place    | Note
-------+----------+-------------------------------------------
     0 | D:1      | Drazool the Vampire Monk began the quest for the Orb.
     0 | D:1      | Reached XP level 1. HP: 17/17 MP: 1/1
    34 | D:1      | Reached XP level 2. HP: 17/23 MP: 2/2
   255 | D:1      | Reached skill level 4 in Dodging
   299 | D:1      | Gained mutation: You are afflicted with vampirism and can
                  | become a bat while bloodless. [Vampire growth]
   299 | D:1      | Reached XP level 3. HP: 24/28 MP: 3/3
   740 | D:2      | Reached skill level 4 in Long Blades
   944 | D:2      | Reached XP level 4. HP: 34/34 MP: 4/4
  1142 | D:2      | Found a runed translucent door.
  1143 | D:2      | Noticed Crazy Yiuf
  1223 | D:3      | Found a faded altar of an unknown god.
  1245 | D:3      | Prayed at the altar of an unknown god.
  1245 | D:3      | Became a worshipper of Jiyva Juwoada the Shapeless
  1245 | D:3      | Reached * piety under Jiyva
  1245 | D:3      | Reached ** piety under Jiyva
  1399 | D:3      | Reached *** piety under Jiyva
  1437 | D:3      | Found Uckavvax's Assorted Antiques.
  1445 | D:3      | Bought a golden potion for 18 gold pieces
  1445 | D:3      | Bought a scroll labelled HIRIPOVONT for 20 gold pieces
  1445 | D:3      | Bought a scroll labelled DAUSEUGAEXT for 20 gold pieces
  1617 | D:3      | Reached skill level 5 in Dodging
  1626 | D:3      | Reached XP level 5. HP: 21/39 MP: 5/5
  1919 | D:4      | Noticed an orc warrior
  1931 | D:4      | Reached skill level 5 in Long Blades
  1953 | D:3      | Killed an orc warrior
  1954 | D:3      | Reached XP level 6. HP: 46/46 MP: 3/6
  2028 | D:4      | Gained mutation: You are strong-willed. (Will+) [Jiyva's
                  | grace]
  2028 | D:4      | Gained mutation: You are highly strong-willed. (Will++)
                  | [Jiyva's grace]
  2028 | D:4      | Gained mutation: You are extremely strong-willed. (Will+++)
                  | [Jiyva's grace]
  2028 | D:4      | Gained mutation: You are partially covered in iridescent
                  | scales. (AC +2) [Jiyva's grace]
  2040 | D:4      | Found a hazy altar of Hepliaklqana.
  2041 | D:4      | Noticed Menkaure
  2053 | D:4      | Killed Menkaure
  2054 | D:4      | Reached skill level 6 in Dodging
  2187 | D:4      | Found an iron altar of Okawaru.
  2386 | D:5      | Entered Level 5 of the Dungeon
  2431 | D:5      | Reached skill level 6 in Long Blades
  2431 | D:5      | Reached XP level 7. HP: 48/51 MP: 7/7
  2502 | D:5      | Reached **** piety under Jiyva
  2521 | D:5      | Reached skill level 7 in Dodging
  2538 | D:5      | Found a hide-covered altar of Uskayaw.
  2921 | D:5      | You fall into a shaft and drop 3 floors!
  2936 | D:8      | Found a broken altar of Ashenzari.
  2953 | D:8      | Found a shadowy altar of Dithmenos.
  2975 | D:8      | Noticed a steam dragon
  2990 | D:8      | Reached skill level 7 in Long Blades
  3035 | D:8      | Killed a steam dragon
  3036 | D:8      | Reached skill level 8 in Dodging
  3036 | D:8      | Reached XP level 8. HP: 33/57 MP: 8/8
  3251 | D:8      | Lost mutation: You are extremely strong-willed. (Will+++)
                  | [Jiyva's grace]
  3251 | D:8      | Lost mutation: You are highly strong-willed. (Will++)
                  | [Jiyva's grace]
  3251 | D:8      | Gained mutation: Armour fits poorly on your pseudopods.
                  | [Jiyva's grace]
  3251 | D:8      | Gained mutation: Armour fits poorly on your large
                  | pseudopods. [Jiyva's grace]
  3251 | D:8      | Gained mutation: Armour fits poorly on your massive
                  | pseudopods. [Jiyva's grace]
  3251 | D:8      | Gained mutation: You passively map a small area around you.
                  | [Jiyva's grace]
  3254 | D:8      | Noticed a two-headed ogre
  3295 | D:8      | Killed a two-headed ogre
  3296 | D:8      | Reached skill level 8 in Long Blades
  3296 | D:8      | Reached skill level 9 in Dodging
  3300 | D:8      | Noticed Maggie
  3316 | D:8      | Killed Maggie
  3317 | D:8      | Reached skill level 9 in Long Blades
  3317 | D:8      | Reached skill level 10 in Dodging
  3317 | D:8      | Reached XP level 9. HP: 36/62 MP: 9/9
  3488 | D:8      | Reached ***** piety under Jiyva
  3506 | D:8      | Found an opulent altar of Gozag.
  4051 | D:9      | Noticed a two-headed ogre
  4052 | D:9      | Noticed Amaemon
  4052 | D:9      | Noticed an orange demon
  4113 | D:8      | Killed a two-headed ogre
  4157 | D:9      | Slimified Amaemon
  4157 | D:9      | Amaemon changed into Amaemon the slime creature
  4157 | D:9      | Noticed Amaemon
  4160 | D:9      | Killed an orange demon
  4161 | D:9      | Reached skill level 10 in Long Blades
  4161 | D:9      | Reached skill level 11 in Dodging
  4394 | D:9      | Found Laym's Magic Scroll Emporium.
  4403 | D:9      | Bought a scroll of identify for 30 gold pieces
  4403 | D:9      | Bought 2 scrolls of identify for 60 gold pieces
  4403 | D:9      | Bought a scroll of identify for 30 gold pieces
  4415 | D:9      | Noticed an unseen horror
  4459 | D:9      | Killed an unseen horror
  4579 | D:9      | Noticed a two-headed ogre
  4590 | D:9      | Killed a two-headed ogre
  4591 | D:9      | Reached XP level 10. HP: 49/68 MP: 10/10
  4647 | D:9      | Found a staircase to the Lair.
  4904 | D:9      | Lost mutation: You are partially covered in iridescent
                  | scales. (AC +2) [Jiyva's grace]
  4904 | D:9      | Lost mutation: You are strong-willed. (Will+) [Jiyva's
                  | grace]
  4904 | D:9      | Lost mutation: You passively map a small area around you.
                  | [Jiyva's grace]
  4904 | D:9      | Lost mutation: Armour fits poorly on your massive
                  | pseudopods. [Jiyva's grace]
  4904 | D:9      | Gained mutation: Your body has grown eyes which may confuse
                  | attackers. (Acc +3) [Jiyva's grace]
  4904 | D:9      | Gained mutation: Your body has grown many eyes which may
                  | confuse attackers. (Acc +5) [Jiyva's grace]
  4904 | D:9      | Gained mutation: Your body is covered in eyes which may
                  | confuse attackers. (Acc +7, SInv) [Jiyva's grace]
  4904 | D:9      | Gained mutation: Your spells are a little harder to cast,
                  | but a little more powerful. [Jiyva's grace]
  5318 | D:7      | Reached skill level 11 in Long Blades
  5334 | D:7      | Found a snail-covered altar of Cheibriados.
  5369 | D:7      | Reached skill level 12 in Dodging
  5389 | D:7      | Found a burning altar of Makhleb.
  5389 | D:7      | Noticed an Executioner
  5397 | D:7      | Found Somi's Distillery.
  5494 | D:7      | Noticed a two-headed ogre
  5501 | D:7      | Slimified a two-headed ogre
  5501 | D:7      | a two-headed ogre changed into a slime creature
  5560 | D:7      | Found a flagged portal.
  5601 | Bailey   | Entered a bailey
  5928 | Bailey   | HP: 5/68 [orc warrior/+0 glaive (10)]
  6011 | Bailey   | Identified the +8 trident of Fabulous Reinforcement {flame,
                  | *Slow rC- Str+5}
  6011 | Bailey   | Identified the ring of Goutarut {Wiz rPois}
  6048 | Bailey   | Slain by an orc

Vanquished Creatures
  3 two-headed ogres
  Maggie (D:8)
  An orange demon (D:9)
  An unseen horror (D:9)
  2 wyverns
  2 steam dragons (D:8)
  Menkaure (D:4)
  2 water moccasins
  9 orc warriors
  An ice beast (D:7)
  A black bear (D:5)
  6 centaurs (Bailey)
  A kobold brigand (D:7)
  3 bullfrogs
  2 scorpions
  3 killer bees (D:8)
  3 howler monkeys (D:9)
  2 orc priests (D:8)
  A hound (D:5)
  A sleepcap (D:5)
  3 iguanas (D:5)
  4 orc wizards
  3 gnolls (D:3)
  8 adders
  A shadow imp (D:8)
  A worm (D:5)
  4 dart slugs
  28 orcs
  7 ball pythons
  2 endoplasms
  15 goblins
  9 hobgoblins
  2 jackals (D:1)
  12 kobolds
  5 quokkas
  9 bats
  5 frilled lizards
  9 rats
173 creatures vanquished.

Vanquished Creatures (others)
  A steam dragon (D:8)
  A sky beast (D:8)
  10 jellies
  2 hounds (D:5)
  2 orc wizards
  A gnoll (D:5)
  An adder (D:5)
  4 orcs
  A bat (D:3)
  A goblin (D:3)
24 creatures vanquished.

Grand Total: 197 creatures vanquished

Table legend: (Time is in decaauts)
 A = Elapsed time spent in this place.
 B = Non-inter-level travel time spent in this place.
 C = Inter-level travel time spent in this place.
 D = Time resting spent in this place.
 E = Time spent auto-exploring this place.
 F = Levels seen in this place.
 G = Mean time per level.
                   A        B        C        D        E       F      G
               +--------+--------+--------+--------+--------+-----+--------+
         Total |   6006 |   5702 |    304 |      0 |   3725 |   9 |  667.3 |
       Dungeon |   5587 |   5283 |    304 |      0 |   3664 |   8 |  698.4 |
        Bailey |    419 |    419 |      0 |      0 |     61 |   1 |  419.0 |
               +--------+--------+--------+--------+--------+-----+--------+

Top non-repeatable levels by time:
     D:9: 1231 daAuts
     D:8: 1112 daAuts
     D:3: 740 daAuts
     D:1: 664 daAuts
     D:2: 555 daAuts
     D:5: 534 daAuts
     D:4: 448 daAuts
  Bailey: 419 daAuts
     D:7: 300 daAuts

Table legend:
 A = Non-vault XP
 B = Vault XP
 C = Vault XP percentage of total XP
 D = Non-vault monster count
 E = Vault monster count
 F = Vault count percentage of total count
                 A         B        C        D         E       F
            +---------+---------+-------+---------+---------+-------
      Total |    5610 |    2626 |  31.9 |     140 |      35 |  20.0
            +---------+---------+-------+---------+---------+-------
        D:1 |      63 |       0 |   0.0 |      36 |       0 |   0.0
        D:2 |      44 |       0 |   0.0 |      18 |       0 |   0.0
        D:3 |     291 |       0 |   0.0 |      23 |       0 |   0.0
        D:4 |      58 |     172 |  74.8 |       7 |       1 |  12.5
        D:5 |     444 |       0 |   0.0 |      12 |       0 |   0.0
        D:7 |     691 |       7 |   1.0 |      10 |       4 |  28.6
        D:8 |    2431 |     614 |  20.2 |      21 |       2 |   8.7
        D:9 |    1588 |     315 |  16.6 |      13 |       1 |   7.1
     Bailey |       0 |    1518 | 100.0 |       0 |      27 | 100.0
            +---------+---------+-------+---------+---------+-------
